 Dungeon Crawl Stone Soup version 0.29-a0-517-gbdf32494f2 (webtiles) character file.

Game seed: 42634152046581601

217 dolemite99 the Poker (level 5, -1/35 (36) HPs)
             Began as a Demonspawn Fighter on May 30, 2022.
             Was a Believer of Hepliaklqana.
             Slain by a wight
             ... wielding a +2 falchion of freezing
              (3 damage)
             ... on level 3 of the Dungeon.
             The game lasted 00:02:55 (3585 turns).

dolemite99 the Poker (Demonspawn Fighter)           Turns: 3585, Time: 00:02:55

HP:   -1/35 (36)    AC:  7    Str: 18    XL:     5   Next: 61%
MP:   5/5           EV: 14    Int: 10    God:    Hepliaklqana [**....]
Gold: 178           SH:  4    Dex: 14    Spells: 4/4 levels left

rFire   . . .      SeeInvis .   a - +2 trident
rCold   . . .      Faith    .   c - +0 buckler
rNeg    . . .      Spirit   .   b - +0 scale mail
rPois   .          Reflect  .   (no helmet)
rElec   .          Harm     .   (no cloak)
rCorr   .          Rampage  .   g - +0 pair of gloves
Will    .....                   (no boots)
Stlth   +.........              (no amulet)
HPRegen 0.11/turn               (no ring)
MPRegen 0.09/turn               (no ring)

@: mighty, agile, lightly drained
A: reduced essence, thin skeletal structure 1, foul stench 1, powered by pain 1
a: Renounce Religion, Recall Ancestor, Ancestor Identity


You were on level 3 of the Dungeon.
You worshipped Hepliaklqana.
Hepliaklqana was pleased with you.
You visited 1 branch of the dungeon, and saw 4 of its levels.

You collected 178 gold pieces.

Inventory:

Hand Weapons
 a - a +2 trident (weapon)
Missiles
 m - 6 poisoned darts (quivered)
 q - 3 silver javelins
 s - 28 stones
Armour
 b - a +0 scale mail (worn)
 c - a +0 buckler (worn)
 g - a +0 pair of gloves (worn)
Jewellery
 i - a ring of see invisible
 r - a ring of poison resistance
Scrolls
 f - 2 scrolls of fog
 h - a scroll of poison
 n - a scroll of amnesia
 o - a scroll of identify {@r1}
 p - 3 scrolls of teleportation {unknown}
Potions
 e - 3 potions of heal wounds {unknown}
 j - 2 potions of mutation {unknown}
 k - a potion of lignification {unknown}
 l - a potion of curing {unknown}


   Skills:
 - Level 3.0 Fighting
 + Level 5.4 Polearms
 - Level 2.6 Armour
 - Level 2.6 Shields


You had 4 spell levels left.
You didn't know any spells.
Your spell library was empty.

Dungeon Overview and Level Annotations

Branches:
Dungeon (4/15)
 Temple: D:4-7

Altars:
Hepliaklqana
Trog

Shops:
D:1 (

Annotations:
D:4 Pikel


Innate Abilities, Weirdness & Mutations

Your life essence is reduced to manifest your ancestor. (-10% HP)
You have a somewhat thin skeletal structure. (Dex +2, Stealth+)
You may rarely emit foul miasma when damaged in melee.
You sometimes gain a little power by taking damage.


Message History

Paser gestures at the quokka while chanting.
The puff of frost hits the quokka!
The quokka dies!
Things that are here:
a +0 spear; a quokka corpse; a hobgoblin corpse No target in view!
No target in view!
There is an open door here.
Found a stone staircase leading down.
You swap places.
Things that are here:
a +0 spear; a quokka corpse; a hobgoblin corpse Partly explored, can't reach some places.
Partly explored, can't reach some places.
There is a stone staircase leading down here.
You start waiting.
Done waiting.
You climb downwards.
The lemure shouts!
The goblin shouts!
You hear a shout!
Found a stone staircase leading down.
There is a stone staircase leading up here.
There are monsters nearby!
The wight closely misses you. The wight hits you with a +0 flail!
The wight closely misses Paser.
Paser barely misses the wight.
The wight barely misses you.
You climb upwards.
There is a stone staircase leading down here.
You feel very mighty all of a sudden.
The wight hits you with a +2 falchion of freezing.
The wight freezes you. The wight hits you with a +0 flail!
You focus on the pain.
You feel agile all of a sudden.
You feel drained.
Paser hits the wight with a +0 quarterstaff!!
The wight is destroyed!
Your life force feels restored.
The wight hits you with a +2 falchion of freezing!
* * * LOW HITPOINT WARNING * * *
You feel drained.
You die...

## ###≈# ##≈≈≈ #≈≈#
################≈≈########
#......#........≈≈........
#......#z##....≈≈≈..)###..
#......#z##......≈...###..
#......#>@R...≈.≈≈...'....
#......####....≈≈≈.≈≈###..
#.......# #.....≈≈...# #.)
#.......###.....≈≈.≈.###..
#.....R.........≈≈........
#.....#######'.†≈≈.≈≈####.
#.........#.....≈≈...####.
#.............).≈≈≈.≈.....
#...............≈≈.≈......


You could see the friendly Paser the battlemage and 2 wights.

Vanquished Creatures
  2 adders
  2 worms (D:2)
  3 dart slugs
  2 orcs (D:3)
  2 bats (D:2)
  3 endoplasms
  A giant cockroach (D:3)
  2 goblins (D:1)
  2 hobgoblins (D:3)
  2 quokkas
  3 ball pythons
  2 frilled lizards
  5 kobolds
  4 rats
35 creatures vanquished.

Vanquished Creatures (collateral kills)
  A wight (D:3)
  A gnoll (D:3)
  5 adders
  A river rat (D:3)
  2 worms
  A dart slug (D:3)
  3 orcs (D:3)
  An endoplasm (D:3)
  A giant cockroach (D:2)
  2 goblins (D:2)
  2 hobgoblins
  2 quokkas (D:3)
  3 ball pythons
  A bat (D:2)
  A frilled lizard (D:3)
  4 kobolds
  2 rats
33 creatures vanquished.

Grand Total: 68 creatures vanquished

Notes
Turn   | Place    | Note
-------+----------+-------------------------------------------
     0 | D:1      | dolemite99 the Demonspawn Fighter began the quest for the
                  | Orb.
     0 | D:1      | Reached XP level 1. HP: 18/18 MP: 1/1
    55 | D:1      | Reached skill level 2 in Polearms
   295 | D:1      | Found a faded altar of an unknown god.
   348 | D:1      | Found Asuxtef's Weapon Shop.
   358 | D:1      | Gained mutation: You sometimes gain a little power by
                  | taking damage. [demonic ancestry]
   358 | D:1      | Reached XP level 2. HP: 21/24 MP: 2/2
   504 | D:1      | Prayed at the altar of an unknown god.
   504 | D:1      | Became a worshipper of Hepliaklqana the Forgotten
   504 | D:1      | Reached * piety under Hepliaklqana
   773 | D:2      | Reached skill level 3 in Polearms
   797 | D:2      | Gained mutation: You have a somewhat thin skeletal
                  | structure. (Dex +2, Stealth+) [demonic ancestry]
   797 | D:2      | Reached XP level 3. HP: 26/26 MP: 3/3
  1469 | D:2      | Reached ** piety under Hepliaklqana
  1471 | D:2      | Remembered your ancestor Paser as a battlemage
  1581 | D:2      | Reached skill level 4 in Polearms
  1581 | D:2      | Reached XP level 4. HP: 31/31 MP: 4/4
  3101 | D:3      | Found a bloodstained altar of Trog.
  3116 | D:3      | Gained mutation: You may rarely emit foul miasma when
                  | damaged in melee. [demonic ancestry]
  3116 | D:3      | Reached XP level 5. HP: 34/36 MP: 5/5
  3170 | D:3      | Reached skill level 5 in Polearms
  3581 | D:4      | Noticed a lemure
  3582 | D:4      | Noticed a lemure
  3582 | D:4      | Noticed Pikel
  3585 | D:3      | Slain by a wight

Illustrated notes

Levels and vault maps discovered:
D:1:      giann_wishing_wells, layout_rooms, serial_shops,
          nicolae_shop_bloodbath_and_beyond, basic_ecumenical_altar,
          minmay_misc_feat_roman, kennysheep_boxes
D:2:      layout_basic
D:3:      layout_basic, mainiacjoe_overflow_six_doors_small,
          portal_sewer_entry_b, st_stairs_11, hangedman_decor_opposing,
          dreamdust_princess_corridor, chequers_serial_rivers_small_3
D:4:      layout_layer_cave, uniq_blork_the_orc, uniq_pikel

Skill      XL: |  1  2  3  4  5 |
---------------+----------------+-----
Polearms       | 2 3 4 5 |  5.4
Fighting       | |  3.0
Armour         | |  2.6
Shields        | |  2.6

Action                   |  1- 3 |  4- 6 || total
-------------------------+-------+-------++-------
Melee: Trident           |    93 |    30 ||   123
Throw: Dart              |       |     3 ||     3
Invok: Recall Ancestor   |     1 |     1 ||     2
       Ancestor Life: Ba |     1 |       ||     1
  Use: Scroll            |     5 |       ||     5
       Potion            |       |     1 ||     1
 Stab: Distracted        |       |     1 ||     1
Armor: Scale mail        |    32 |     6 ||    38
Dodge: Dodged            |    29 |     9 ||    38
Block: Buckler           |    15 |     2 ||    17

Table legend: (Time is in decaauts)
 A = Elapsed time spent in this place.
 B = Non-inter-level travel time spent in this place.
 C = Inter-level travel time spent in this place.
 D = Time resting spent in this place.
 E = Time spent auto-exploring this place.
 F = Levels seen in this place.
 G = Mean time per level.
                   A        B        C        D        E       F      G
               +--------+--------+--------+--------+--------+-----+--------+
         Total |   3609 |   3522 |     87 |    970 |   2004 |   4 |  902.2 |
       Dungeon |   3609 |   3522 |     87 |    970 |   2004 |   4 |  902.2 |
               +--------+--------+--------+--------+--------+-----+--------+

Top non-repeatable levels by time:
     D:2: 1846 daAuts
     D:3: 991 daAuts
     D:1: 770 daAuts
     D:4: 1 daAuts
